[Event "5th Ordu Open 2019"]
[Site "Ordu"]
[Date "2019.05.01"]
[Round "4.10"]
[White "Demirbas, Fatih"]
[Black "Ozveren, Ali Bulent"]
[Result "0-1"]
[ECO "C08"]
[WhiteElo "1726"]
[BlackElo "1930"]
[Annotator "NA"]
[PlyCount "70"]
[EventDate "2019.04.29"]
[EventType "swiss"]
[EventCountry "TUR"]
[SourceTitle "playchess.com"]
[Source "ChessBase"]
[SourceQuality "1"]
[TimeControl "5400+30"]

1. e4 e6 2. d4 d5 3. Nd2 c5 4. exd5 exd5 5. dxc5 Bxc5 6. Ngf3 Nf6 7. Bb5+ Bd7 8. Qe2+ Qe7 9. O-O O-O 10. Nb3 Qxe2 11. Bxe2 Bb6 12. Bf4 Nc6 13. Rad1 Rfe8 14. Rfe1 Ne4 15. Bg3 Nxg3 16. hxg3 Be6 17. c3 Rad8 18. Nfd4 Ne5 19. Bb5 Bd7 20. Bxd7 Nxd7 21. a4 a6 22. Rxe8+ Rxe8 23. Kf1 g6 24. Nc2 Nf6 25. Nb4 Re5 26. Nd3 Rf5 27. Nd4 Bxd4 28. cxd4 Ne4 29. Ke2 Rf6 30. a5 Re6 31. Kf3 h5 32. Rc1 Nd2+ 33. Kf4 Re4+ 34. Kg5 Kg7 35. Rc7 Rg4# 0-1

[Event "5th Ordu Open 2019"]
[Site "Ordu"]
[Date "2019.05.01"]
[Round "4.11"]
[White "Aysoy, Veysi"]
[Black "Lomaia, Diana"]
[Result "1-0"]
[ECO "B20"]
[WhiteElo "1920"]
[BlackElo "1780"]
[Annotator "NA"]
[PlyCount "99"]
[EventDate "2019.04.29"]
[EventType "swiss"]
[EventCountry "TUR"]
[SourceTitle "playchess.com"]
[Source "ChessBase"]
[SourceQuality "1"]
[TimeControl "5400+30"]

1. e4 c5 2. a3 d6 3. Nc3 Nc6 4. Nge2 g6 5. d4 cxd4 6. Nxd4 Bg7 7. Be3 Nf6 8. Be2 O-O 9. g4 Nxd4 10. Bxd4 Be6 11. g5 Ne8 12. h4 Bxd4 13. Qxd4 Qb6 14. O-O-O Qxd4 15. Rxd4 Rc8 16. f4 f5 17. h5 Ng7 18. h6 Ne8 19. exf5 Bxf5 20. Re1 e6 21. Bb5 Nc7 22. Bd7 Rcd8 23. Rxd6 Rf7 24. Red1 Kf8 25. Ba4 Rxd6 26. Rxd6 Kg8 27. Kd2 a6 28. Ke3 b5 29. Bb3 Kf8 30. Ne4 Bxe4 31. Kxe4 Ke7 32. Rb6 Kd7 33. Rb8 Ke7 34. a4 Kd7 35. Rg8 Re7 36. Ke5 Rf7 37. Rg7 Re7 38. c3 Kd8 39. Bc2 Nd5 40. axb5 axb5 41. Be4 Nb6 42. Rxe7 Kxe7 43. Bxg6 Nd7+ 44. Kd4 Nf8 45. Bxh7 Nxh7 46. g6 Nf8 47. g7 e5+ 48. fxe5 Ne6+ 49. Kd5 Nf4+ 50. Ke4 1-0

[Event "5th Ordu Open 2019"]
[Site "Ordu"]
[Date "2019.05.01"]
[Round "4.13"]
[White "Sulak, Yusuf"]
[Black "Tamer, Kayra"]
[Result "1/2-1/2"]
[ECO "E90"]
[WhiteElo "1555"]
[BlackElo "1394"]
[Annotator "NA"]
[PlyCount "53"]
[EventDate "2019.04.29"]
[EventType "swiss"]
[EventCountry "TUR"]
[SourceTitle "playchess.com"]
[Source "ChessBase"]
[SourceQuality "1"]
[TimeControl "5400+30"]

1. c4 Nf6 2. d4 g6 3. Nc3 Bg7 4. e4 d6 5. Nf3 c6 6. Bf4 Nbd7 7. Bd3 O-O 8. Qd2 Re8 9. d5 cxd5 10. cxd5 Nc5 11. O-O Bg4 12. Qe3 Qb6 13. Rab1 Rac8 14. Bb5 Red8 15. Bd3 Bxf3 16. gxf3 Nxd3 17. Qxd3 a6 18. Be3 Qb4 19. Rfc1 Nd7 20. a3 Qb3 21. Qd1 Qxd1+ 22. Nxd1 Ne5 23. Kg2 Nd3 24. Rxc8 Rxc8 25. b4 b5 26. Rb3 Ne5 27. Bd4 1/2-1/2

[Event "5th Ordu Open 2019"]
[Site "Ordu"]
[Date "2019.05.01"]
[Round "4.14"]
[White "Erdogan, Celalettin"]
[Black "Kvikvinia, Teimuraz"]
[Result "0-1"]
[ECO "E33"]
[WhiteElo "1344"]
[BlackElo "1592"]
[Annotator "NA"]
[PlyCount "72"]
[EventDate "2019.04.29"]
[EventType "swiss"]
[EventCountry "TUR"]
[SourceTitle "playchess.com"]
[Source "ChessBase"]
[SourceQuality "1"]
[TimeControl "5400+30"]

1. d4 Nf6 2. c4 e6 3. Nc3 Bb4 4. e3 O-O 5. Qc2 d5 6. Nf3 Nc6 7. cxd5 exd5 8. Bd3 h6 9. O-O Re8 10. h3 Be6 11. a3 Bxc3 12. bxc3 Qc8 13. Rb1 Rb8 14. Nh2 Ne7 15. f4 Bf5 16. Nf3 Bxd3 17. Qxd3 Qf5 18. Qb5 c6 19. Qb3 Ne4 20. g4 Qc8 21. Rb2 Qd8 22. Rg2 Qc8 23. Kh2 Ng6 24. Bd2 Nxd2 25. Nxd2 Rxe3 26. Rff2 Qc7 27. Nf1 Re4 28. Qc2 Nxf4 29. Rg3 Rbe8 30. Rgf3 Nd3+ 31. Ng3 Nxf2 32. Rxf2 Re3 33. Rg2 Qf4 34. a4 Rf3 35. Qd1 Ree3 36. Qg1 Rxc3 0-1

[Event "5th Ordu Open 2019"]
[Site "Ordu"]
[Date "2019.05.02"]
[Round "5.3"]
[White "Dogan, Nazmi Can"]
[Black "Odeev, Handszar"]
[Result "1-0"]
[ECO "B27"]
[WhiteElo "2214"]
[BlackElo "2394"]
[Annotator "RC"]
[PlyCount "50"]
[EventDate "2019.04.29"]
[EventType "swiss"]
[EventCountry "TUR"]
[SourceTitle "playchess.com"]
[Source "ChessBase"]
[SourceQuality "1"]
[TimeControl "5400+30"]

1. Nf3 g6 2. e4 c5 3. d4 cxd4 4. Qxd4 Nf6 5. Nc3 Nc6 6. Qa4 Ng4 7. h3 Nge5 8. Nxe5 Nxe5 9. Be3 Bg7 10. Bd4 O-O 11. f4 Nc6 12. Bxg7 Kxg7 13. O-O-O Qb6 14. e5 d6 15. exd6 exd6 16. Rxd6 Bf5 17. Bd3 Bxd3 18. Rxd3 Rad8 19. Nd5 Qc5 20. Rhd1 Rfe8 21. R3d2 b5 22. Qb3 b4 23. Qg3 f6 24. Qh4 Rd6 25. Nc7 Rxd2 1-0

[Event "5th Ordu Open 2019"]
[Site "Ordu"]
[Date "2019.05.02"]
[Round "5.5"]
[White "Olcum, Ahmet"]
[Black "Mosadeghpour, Masoud"]
[Result "0-1"]
[ECO "A48"]
[WhiteElo "2300"]
[BlackElo "2514"]
[Annotator "RC"]
[PlyCount "102"]
[EventDate "2019.04.29"]
[EventType "swiss"]
[EventCountry "TUR"]
[SourceTitle "playchess.com"]
[Source "ChessBase"]
[SourceQuality "1"]
[TimeControl "5400+30"]

1. d4 Nf6 2. Bf4 b6 3. Nf3 Bb7 4. e3 g6 5. Be2 d6 6. h3 Bg7 7. O-O O-O 8. Bh2 Nbd7 9. a4 a5 10. c4 Ne4 11. Nfd2 Nxd2 12. Nxd2 e5 13. Bf3 Bxf3 14. Nxf3 Re8 15. Qd2 Qe7 16. Rfd1 Nb8 17. c5 bxc5 18. dxe5 dxe5 19. Rac1 e4 20. Ne1 Na6 21. b3 Qe6 22. Qxa5 Qxb3 23. Bxc7 Bb2 24. Rb1 Nxc7 25. Qxc7 c4 26. a5 c3 27. Qb6 Qa4 28. Rd4 c2 29. Rxb2 Qxd4 30. Nxc2 Qa4 31. Nd4 Qxa5 32. Qb3 Qc7 33. Qd1 Rec8 34. Rc2 Qd6 35. Rxc8+ Rxc8 36. g3 Qd5 37. Kg2 Ra8 38. Qb1 h5 39. h4 Ra2 40. Qb8+ Kg7 41. Qc7 Kh7 42. Qc3 Qa5 43. Qc4 Kg8 44. Qc8+ Kg7 45. Qb8 Qa6 46. Qb1 Ra1 47. Qb5 Qxb5 48. Nxb5 Kf6 49. Nd6 Ra4 50. Kf1 Rb4 51. Kg2 Ke5 0-1

[Event "5th Ordu Open 2019"]
[Site "Ordu"]
[Date "2019.05.02"]
[Round "5.9"]
[White "Gozubuyukoglu, Selami"]
[Black "Ozveren, Ali Bulent"]
[Result "1-0"]
[ECO "C54"]
[WhiteElo "1818"]
[BlackElo "1930"]
[Annotator "NA RC"]
[PlyCount "89"]
[EventDate "2019.04.29"]
[EventType "swiss"]
[EventCountry "TUR"]
[SourceTitle "playchess.com"]
[Source "ChessBase"]
[SourceQuality "1"]
[TimeControl "5400+30"]

1. e4 e5 2. Nf3 Nc6 3. Bc4 Bc5 4. c3 Nf6 5. d3 d6 6. Bb3 O-O 7. Qe2 {[%emt 0:01:30] C54: Giuoco Piano: 4 c3 Nf6, main lines with 5 d4 and 5 d3} (7. h3 a6 8. Nbd2 Be6 9. Bc2 d5 10. Qe2 h6 11. g4 Nh7 12. Rg1 d4 13. Nb3 Be7 14. Nxe5 Nxe5 15. Nxd4 c5 16. Nf5 Kh8 {1-0 (35) Duda,J (2678)-Eljanov,P (2741) Germany 2017}) 7... Be6 8. Bc2 Bb6 9. Nbd2 Ne7 $146 ({Predecessor:} 9... h6 10. h3 Qd7 11. O-O Ne7 12. Rd1 {1-0 (36) Oliva Meneses,J (2057)-Smith,V (1725) Pocos de Caldas 2013}) 10. h3 Ng6 11. g3 Qc8 12. Qf1 Nh5 13. Qg2 c6 14. Nf1 h6 15. Be3 f5 16. Bxb6 axb6 17. exf5 Bxf5 18. Ne3 Be6 19. d4 Ne7 20. dxe5 dxe5 21. Nxe5 Nf6 22. a3 Ned5 23. O-O-O Nxe3 24. fxe3 Bd5 25. e4 Be6 26. g4 Qc7 27. Ng6 Rf7 28. Rhf1 Nd7 29. Nh4 Ne5 30. Rxf7 Bxf7 31. Qd2 Nc4 32. Qf2 b5 33. Nf5 Re8 34. Qd4 Qf4+ 35. Kb1 Ne5 36. Qe3 Qh2 37. Nd6 Rd8 38. Nxf7 Rxd1+ 39. Bxd1 Kxf7 {[%emt 0:00:00] [#]} 40. Bb3+ $1 Kf6 41. Qd4 (41. h4 $16) 41... Kg5 $1 42. Qd8+ Kg6 43. Be6 Qh1+ $18 (43... Qe2 44. Qf8 (44. Bf5+ Kf7 $16) 44... Qxe4+ 45. Ka1 Kg5) 44. Ka2 Qh2 45. Qe7 1-0

[Event "5th Ordu Open 2019"]
[Site "Ordu"]
[Date "2019.05.02"]
[Round "5.10"]
[White "Elashvili, Giorgi"]
[Black "Rahmatian, Shayan"]
[Result "1-0"]
[ECO "B15"]
[WhiteElo "1833"]
[BlackElo "1991"]
[Annotator "NA RC"]
[PlyCount "117"]
[EventDate "2019.04.29"]
[EventType "swiss"]
[EventCountry "TUR"]
[SourceTitle "playchess.com"]
[Source "ChessBase"]
[SourceQuality "1"]
[TimeControl "5400+30"]

1. e4 c6 2. d4 d5 3. Nc3 b5 4. a3 dxe4 5. Nxe4 Nf6 6. Nxf6+ {[%emt 0:00:00] B15: Caro-Kann: 3 Nc3: 3...g6 and 3...dxe4 4 Nxe4 Nf6 5 Nxf6+ exf6} exf6 7. c3 Bd6 8. Bd3 Be6 $146 ({Predecessor:} 8... O-O 9. Ne2 Nd7 10. O-O Qc7 11. Ng3 Re8 12. Nf5 Nb6 13. Nxd6 Qxd6 {½-½ (35) Gabrielian,A (2541)-Khismatullin,D (2656) St Petersburg 2013}) 9. Ne2 Qc7 10. Qc2 Nd7 11. a4 Rb8 12. Ng3 ({White should play} 12. axb5 $16 cxb5 13. g3) 12... g6 13. Bh6 bxa4 14. O-O ({Not} 14. Rxa4 Bb3 $17) 14... Bf4 (14... a3 $1 $14) 15. Bxf4 Qxf4 16. Rxa4 Qc7 17. Rfa1 f5 18. Rxa7 Qd6 19. b4 h5 20. R1a6 h4 21. Ne2 h3 (21... O-O $142 22. b5 Nb6) 22. g3 Nf6 23. Nf4 Kf8 24. b5 Bd5 25. bxc6 Re8 26. Qc1 Kg7 27. c7 Qd7 28. c8=Q Qxc8 29. Rxf6 Kxf6 30. Nxd5+ Kg7 31. Qg5 $2 ({White should play} 31. c4 $18) 31... Qe6 32. Ne3 Rh5 33. Qf4 Qb6 34. Rc7 Rhh8 35. Bc4 Rhf8 36. Rd7 Qb1+ 37. Nf1 Qb6 38. Qc7 Qxc7 39. Rxc7 Rc8 40. Rxc8 Rxc8 41. Ne3 Ra8 42. Kf1 Ra1+ 43. Ke2 Kf6 44. Bd3 Kg5 45. f4+ Kf6 46. Kf3 Ra3 47. Nd1 g5 48. fxg5+ Kxg5 49. Ke3 Kf6 50. c4 Ra8 51. c5 Ke6 52. Bc4+ Kf6 53. c6 Ke7 54. Nc3 Kd6 55. Nb5+ Ke7 56. d5 Ra4 57. d6+ Kd8 58. c7+ Kd7 59. Bxf7 1-0

[Event "5th Ordu Open 2019"]
[Site "Ordu"]
[Date "2019.05.02"]
[Round "5.11"]
[White "Atas, Yunus"]
[Black "Khvadagiani, Nika"]
[Result "1-0"]
[ECO "A48"]
[WhiteElo "1853"]
[BlackElo "1883"]
[Annotator "NA RC"]
[PlyCount "147"]
[EventDate "2019.04.29"]
[EventType "swiss"]
[EventCountry "TUR"]
[SourceTitle "playchess.com"]
[Source "ChessBase"]
[SourceQuality "1"]
[TimeControl "5400+30"]

1. d4 Nf6 2. Bf4 g6 3. e3 Bg7 4. Nf3 d6 5. h3 Nbd7 6. Be2 O-O 7. O-O Re8 8. a4 {[%emt 0:01:30] A48: 1 d4 Nf6 2 Nf3 g6: Torre, London and Colle Systems} (8. c4 b6 9. Nc3 Bb7 10. Qc2 e5 11. Bg5 exd4 12. exd4 h6 13. Be3 Ne4 14. Nxe4 Bxe4 15. Qd2 d5 16. Bxh6 dxc4 17. Bg5 Bf6 18. h4 b5 {½-½ (60) Khotenashvili,B (2445)-Muzychuk,M (2546) Riga 2017}) 8... e5 $146 (8... Ne4 $11) ({Predecessor:} 8... b6 9. a5 a6 10. axb6 cxb6 11. c3 Bb7 12. Nbd2 e5 13. Bh2 exd4 14. exd4 d5 15. Re1 Ne4 {1-0 (55) Dos Santos,H (2247)-Florianovitz,D (2064) Florianopolis 2013}) 9. dxe5 dxe5 10. Nxe5 g5 {[%emt 0:00:00] [#]} 11. Bh2 $1 Ne4 12. Nxd7 Bxd7 13. c3 Qe7 14. Nd2 Bc6 15. Nxe4 Bxe4 16. Qb3 Kh8 17. Rfd1 f5 18. Rd2 Rad8 {[%emt 0:05:30] [#]} 19. Rad1 ({White should play} 19. Rxd8 $1 $18 Rxd8 20. Rd1) 19... Rxd2 20. Rxd2 Rf8 (20... f4 $16 {keeps fighting.}) 21. Qd1 f4 22. Rd7 Qe6 23. exf4 gxf4 24. Rd8 Qf6 25. Rxf8+ Bxf8 26. Qd4 Qxd4 27. cxd4 Bd6 28. g3 a5 29. Bd1 c6 30. gxf4 Kg7 31. f3 Bd3 32. Kf2 Kf6 33. Ke3 Bf5 34. h4 Bb1 35. Bb3 Bg6 36. Bg3 Bb1 (36... Bb4 $16 {was necessary.} 37. Ke2 h6) 37. Be1 b6 38. Bg8 Bc2 39. b3 Kg7 40. Bc4 Kf6 41. Bg8 Kg7 42. Be6 Kf6 43. f5 Bxf5 44. Bxf5 (44. Bd2 $2 ) (44. Bc4 $16) 44... Kxf5 45. Bd2 Bf4+ 46. Kd3 Bxd2 47. Kxd2 Kf4 48. Ke2 Kg3 49. Ke3 Kxh4 50. f4 Kh5 51. Ke4 Kg6 52. Ke5 h5 53. Ke6 h4 54. f5+ Kg5 55. f6 h3 56. f7 h2 57. f8=Q h1=Q 58. Qf5+ Kh6 59. Qf6+ Kh7 60. Qf7+ Kh8 61. Kd6 b5 62. Qe8+ Kg7 63. Qxc6 Qh2+ 64. Kc5 bxa4 65. bxa4 Qc2+ 66. Kd6 Qg6+ 67. Kc7 Qg3+ 68. Kc8 Qe3 69. d5 Kf7 70. Qc7+ Kf8 71. d6 Qe6+ 72. d7 Ke7 73. Qc5+ Kf7 74. Kc7 1-0

[Event "5th Ordu Open 2019"]
[Site "Ordu"]
[Date "2019.05.02"]
[Round "5.12"]
[White "Bolkvadze, Tedo"]
[Black "Civelek, Mehmet Eren"]
[Result "1/2-1/2"]
[ECO "D78"]
[WhiteElo "1588"]
[BlackElo "1260"]
[Annotator "NA"]
[PlyCount "158"]
[EventDate "2019.04.29"]
[EventType "swiss"]
[EventCountry "TUR"]
[SourceTitle "playchess.com"]
[Source "ChessBase"]
[SourceQuality "1"]
[TimeControl "5400+30"]

1. d4 d5 2. c4 c6 3. Nf3 Nf6 4. g3 g6 5. Bg2 Bg7 6. O-O O-O 7. Nc3 dxc4 8. Ne5 Nbd7 9. Nxc4 Nb6 10. Nxb6 Qxb6 11. Na4 Qb5 12. e4 Rd8 13. Be3 h6 14. Qc2 Qh5 15. Qc5 Qxc5 16. Nxc5 Nd7 17. Nxd7 Bxd7 18. Rac1 Be6 19. d5 cxd5 20. exd5 Bxd5 21. Rc7 Bxg2 22. Kxg2 b6 23. Rxe7 Bxb2 24. Bxh6 Bf6 25. Rc7 Rdc8 26. Rfc1 Rxc7 27. Rxc7 a5 28. Rb7 Bd4 29. Rd7 Bc5 30. Bg5 Kg7 31. Bd8 a4 32. g4 b5 33. g5 b4 34. Bf6+ Kf8 35. f4 Ke8 36. Rd3 Rb8 37. h4 b3 38. axb3 axb3 39. Bb2 Rb4 40. Kf3 Ke7 41. Rd2 Bd6 42. Re2+ Kd7 43. Re4 Rb5 44. Kg4 Rd5 45. Re3 Rb5 46. Kf3 Kc6 47. Rc3+ Kb7 48. Rc4 Kb6 49. Kg4 Ka5 50. h5 gxh5+ 51. Kxh5 Rd5 52. Kh6 Rf5 53. Bc1 Kb5 54. Re4 Bf8+ 55. Kh7 Bd6 56. g6 fxg6 57. Kxg6 Rf8 58. f5 Rg8+ 59. Kh7 Rf8 60. Kg6 Rg8+ 61. Kh5 Rh8+ 62. Kg4 Rg8+ 63. Kh5 Rh8+ 64. Kg6 Rg8+ 65. Kf7 Rf8+ 66. Kg6 Rg8+ 67. Kf6 Rf8+ 68. Ke6 Re8+ 69. Kd5 Rxe4 70. Kxe4 Kc4 71. Bb2 Bf8 72. f6 Bd6 73. f7 Bf8 74. Ke5 Kd3 75. Ke6 Kc2 76. Bf6 b2 77. Bxb2 Kxb2 78. Kd7 Kc3 79. Ke8 Ba3 1/2-1/2

[Event "5th Ordu Open 2019"]
[Site "Ordu"]
[Date "2019.05.02"]
[Round "5.13"]
[White "Deveci, Huseyin Said"]
[Black "Yurdamli, Tahsin"]
[Result "1/2-1/2"]
[ECO "B22"]
[WhiteElo "1274"]
[BlackElo "1445"]
[Annotator "NA"]
[PlyCount "134"]
[EventDate "2019.04.29"]
[EventType "swiss"]
[EventCountry "TUR"]
[SourceTitle "playchess.com"]
[Source "ChessBase"]
[SourceQuality "1"]
[TimeControl "5400+30"]

1. e4 c5 2. c3 d6 3. d4 cxd4 4. cxd4 Nf6 5. Nc3 a6 6. a4 Nc6 7. Nf3 Bg4 8. Be2 e6 9. O-O Be7 10. Be3 O-O 11. h3 Bh5 12. Qd2 Rc8 13. Rac1 Na5 14. Qc2 Nc4 15. b3 Nxe3 16. fxe3 d5 17. exd5 Nxd5 18. Qd3 Bg6 19. e4 Nf4 20. Qe3 Nxe2+ 21. Nxe2 Qb6 22. Nf4 Rfd8 23. Nxg6 hxg6 24. Kh1 Bf6 25. e5 Be7 26. Rfd1 Rc6 27. Rxc6 Qxc6 28. Rc1 Qd7 29. Qc3 b5 30. Qa5 Rc8 31. Rxc8+ Qxc8 32. axb5 axb5 33. Qxb5 Qc1+ 34. Kh2 Qf4+ 35. Kg1 Qe3+ 36. Kf1 Qc1+ 37. Kf2 Qc2+ 38. Kg3 Qf5 39. Qe8+ Bf8 40. Qb8 f6 41. b4 g5 42. exf6 gxf6 43. b5 Qd5 44. b6 Kg7 45. Qa7+ Kg6 46. b7 Bd6+ 47. Kf2 Qb3 48. Qa6 Qb2+ 49. Qe2 Qxb7 50. Qxe6 Qb2+ 51. Qe2 Bg3+ 52. Ke3 Qc1+ 53. Kd3 Qa3+ 54. Kc2 Qa2+ 55. Kd3 Qa6+ 56. Kd2 Bf4+ 57. Ke1 Bg3+ 58. Kd2 Qa5+ 59. Kc2 Qa2+ 60. Kd3 Qb3+ 61. Kd2 Bf4+ 62. Ke1 Bg3+ 63. Kd2 Qb2+ 64. Kd3 Qb3+ 65. Kd2 Qb2+ 66. Kd3 Qb3+ 67. Kd2 Qb2+ 1/2-1/2

[Event "5th Ordu Open 2019"]
[Site "Ordu"]
[Date "2019.05.02"]
[Round "5.14"]
[White "Onmus, Arif"]
[Black "Cakmak, Kursat Kagan"]
[Result "1-0"]
[ECO "B72"]
[WhiteElo "1527"]
[BlackElo "1304"]
[Annotator "NA RC"]
[PlyCount "89"]
[EventDate "2019.04.29"]
[EventType "swiss"]
[EventCountry "TUR"]
[SourceTitle "playchess.com"]
[Source "ChessBase"]
[SourceQuality "1"]
[TimeControl "5400+30"]

1. e4 c5 2. Nf3 d6 3. d4 cxd4 4. Nxd4 Nf6 5. Nc3 g6 6. Be3 Bg7 7. Qd2 Ng4 8. Bb5+ Bd7 9. O-O-O Nxe3 10. fxe3 O-O 11. h4 a6 12. Bd3 Nc6 13. Nf3 Bg4 14. h5 gxh5 15. Be2 Qa5 16. Nd4 Qg5 17. Bxg4 Qxg4 18. Rh3 Be5 19. Nf5 Qg5 20. Rdh1 e6 21. Rxh5 Qg6 22. Nd4 Nxd4 23. exd4 Bf6 24. e5 dxe5 25. dxe5 Rfd8 26. Qf4 Be7 27. Rxh7 Bg5 28. Rh8+ Kg7 29. R1h7+ Qxh7 30. Rxh7+ Kg6 31. Rg7+ Kxg7 32. Qxg5+ Kf8 33. Ne4 b5 34. Qf6 Ke8 35. Ng5 Ra7 36. Ne4 Rad7 37. Nd6+ Kf8 38. g4 Rxd6 39. exd6 Rxd6 40. g5 Rd5 41. g6 Rf5 42. g7+ Kg8 43. Qh6 Rf1+ 44. Kd2 Rf2+ 45. Ke3 1-0

[Event "5th Ordu Open 2019"]
[Site "Ordu"]
[Date "2019.05.02"]
[Round "5.16"]
[White "Yuksel, Fatih Canberk"]
[Black "Iakobadze, Ucha"]
[Result "0-1"]
[ECO "A01"]
[WhiteElo "1299"]
[BlackElo "1387"]
[Annotator "NA"]
[PlyCount "80"]
[EventDate "2019.04.29"]
[EventType "swiss"]
[EventCountry "TUR"]
[SourceTitle "playchess.com"]
[Source "ChessBase"]
[SourceQuality "1"]
[TimeControl "5400+30"]

1. b3 d5 2. Bb2 Nc6 3. e3 a6 4. Nf3 f6 5. Be2 e5 6. d3 Be6 7. O-O Bd6 8. Nbd2 Nge7 9. c4 Qd7 10. cxd5 Nxd5 11. Nc4 O-O-O 12. Rc1 g5 13. d4 e4 14. Nxd6+ Qxd6 15. Nd2 f5 16. Nc4 Qd7 17. Ne5 Nxe5 18. dxe5 g4 19. Bc4 h5 20. Qc2 Rh7 21. Rfd1 c6 22. Bxa6 bxa6 23. Qxc6+ Qxc6 24. Rxc6+ Nc7 25. Rdd6 Rhd7 26. Bd4 Bd5 27. Rxd7 Rxd7 28. Rh6 Bf7 29. g3 Ne6 30. Bc3 Rd1+ 31. Kg2 Ng5 32. Rd6 Rxd6 33. exd6 Kd7 34. Be5 Be6 35. Kf1 Nf3 36. Bf4 Nxh2+ 37. Ke2 Nf3 38. Kd1 Kc6 39. Kc2 Ne1+ 40. Kd2 Nd3 0-1

[Event "5th Ordu Open 2019"]
[Site "Ordu"]
[Date "2019.05.02"]
[Round "6.1"]
[White "Pacher, Milan"]
[Black "Kilic, Efe Mert"]
[Result "1-0"]
[ECO "C70"]
[WhiteElo "2396"]
[BlackElo "2248"]
[Annotator "NA"]
[PlyCount "89"]
[EventDate "2019.04.29"]
[EventType "swiss"]
[EventCountry "TUR"]
[SourceTitle "playchess.com"]
[Source "ChessBase"]
[SourceQuality "1"]
[TimeControl "5400+30"]

1. e4 e5 2. Nf3 Nc6 3. Bb5 a6 4. Ba4 g6 5. c3 Bg7 6. d4 exd4 7. cxd4 b5 8. Bb3 Nge7 9. Nc3 d6 10. O-O O-O 11. h3 h6 12. a4 b4 13. Nd5 Na5 14. Nxe7+ Qxe7 15. Bc2 c5 16. Re1 cxd4 17. Nxd4 Qa7 18. Nf3 Qc7 19. Bf4 Rd8 20. Rb1 Kh7 21. b3 Be6 22. Re2 Rac8 23. Nd4 Nc6 24. Nxe6 fxe6 25. Bd3 Qb6 26. Bc4 Nd4 27. Rd2 e5 28. Be3 a5 29. f4 Rf8 30. f5 gxf5 31. exf5 Qd8 32. Bxd4 exd4 33. Re2 Be5 34. Qd3 Kg7 35. Rf1 Qg5 36. Re4 h5 37. Rxd4 Bxd4+ 38. Qxd4+ Qf6 39. Qd1 Rxc4 40. bxc4 Rc8 41. Qxh5 Rxc4 42. Qe8 Rc7 43. Rf4 Rf7 44. Rg4+ Kh6 45. Rg6+ 1-0

[Event "5th Ordu Open 2019"]
[Site "Ordu"]
[Date "2019.05.02"]
[Round "6.2"]
[White "Isik, Alparslan"]
[Black "Dogan, Nazmi Can"]
[Result "1/2-1/2"]
[ECO "B37"]
[WhiteElo "2233"]
[BlackElo "2214"]
[Annotator "NA"]
[PlyCount "65"]
[EventDate "2019.04.29"]
[EventType "swiss"]
[EventCountry "TUR"]
[SourceTitle "playchess.com"]
[Source "ChessBase"]
[SourceQuality "1"]
[TimeControl "5400+30"]

1. Nf3 Nf6 2. c4 g6 3. Nc3 Bg7 4. e4 c5 5. d4 cxd4 6. Nxd4 Nc6 7. Nc2 d6 8. Be2 O-O 9. O-O Nd7 10. Bd2 Nc5 11. b4 Ne6 12. Rc1 Ned4 13. Nxd4 Nxd4 14. Be3 Nxe2+ 15. Nxe2 Bd7 16. Qd3 a6 17. Rfd1 Rc8 18. Nc3 Be6 19. Nd5 Bxd5 20. exd5 b6 21. c5 bxc5 22. bxc5 dxc5 23. Qxa6 Bd4 24. Bxd4 cxd4 25. Rxc8 Qxc8 26. Qa4 e5 27. dxe6 Qxe6 28. g3 Rd8 29. Rxd4 Rxd4 30. Qxd4 Qxa2 31. Qd8+ Kg7 32. Qd4+ Kg8 33. Qd8+ 1/2-1/2

[Event "5th Ordu Open 2019"]
[Site "Ordu"]
[Date "2019.05.02"]
[Round "6.4"]
[White "Mgeladze, Tamaz"]
[Black "Haznedaroglu, Kivanc"]
[Result "0-1"]
[ECO "A10"]
[WhiteElo "2396"]
[BlackElo "2466"]
[Annotator "ChessBase"]
[PlyCount "70"]
[EventDate "2019.04.29"]
[EventType "swiss"]
[EventCountry "TUR"]
[SourceTitle "playchess.com"]
[Source "ChessBase"]
[SourceQuality "1"]
[TimeControl "5400+30"]

1. c4 b6 2. Nf3 Bb7 3. g3 Bxf3 4. exf3 c5 5. d4 Nc6 6. dxc5 bxc5 7. b3 e6 8. Bb2 Nge7 9. Bh3 h5 10. O-O h4 11. Bg2 hxg3 12. hxg3 Nf5 13. Na3 Rc8 14. Qd3 Ncd4 15. Nc2 Nxc2 16. Qxc2 Qg5 17. Rad1 Be7 18. Rfe1 Bf6 19. f4 Qh5 20. Bxf6 gxf6 21. Qd3 d6 22. Qc3 Rh6 23. Bf3 Qh2+ 24. Kf1 Rg6 25. Bg2 Kf8 26. Qf3 Kg7 27. Rxe6 Nxg3+ 28. fxg3 Rxg3 29. Qb7 Rc7 30. Qa8 fxe6 31. Rxd6 Re3 32. Rd2 Qxf4+ 33. Rf2 Qe5 34. Be4 Rd7 35. Rd2 Qa1+ 0-1

[Event "5th Ordu Open 2019"]
[Site "Ordu"]
[Date "2019.05.02"]
[Round "6.5"]
[White "Odeev, Handszar"]
[Black "Eren, Ataberk"]
[Result "1/2-1/2"]
[ECO "C01"]
[WhiteElo "2394"]
[BlackElo "2256"]
[Annotator "NA"]
[PlyCount "44"]
[EventDate "2019.04.29"]
[EventType "swiss"]
[EventCountry "TUR"]
[SourceTitle "playchess.com"]
[Source "ChessBase"]
[SourceQuality "1"]
[TimeControl "5400+30"]

1. e4 e6 2. d4 d5 3. exd5 exd5 4. Nf3 Nf6 5. Bd3 Bd6 6. O-O O-O 7. h3 h6 8. c4 dxc4 9. Bxc4 Nc6 10. Nc3 Bf5 11. Re1 Re8 12. Rxe8+ Qxe8 13. Be3 a6 14. Nh4 Be4 15. Nxe4 Qxe4 16. Nf3 Na5 17. Bd3 Qd5 18. Qc2 Rd8 19. Qa4 Nd7 20. Qc2 Nf6 21. Qa4 Nd7 22. Qc2 Nf6 1/2-1/2

[Event "5th Ordu Open 2019"]
[Site "Ordu"]
[Date "2019.05.02"]
[Round "6.7"]
[White "Hamidi, Amir Mohammad"]
[Black "Klekowski, Maciej"]
[Result "1/2-1/2"]
[ECO "A81"]
[WhiteElo "2217"]
[BlackElo "2502"]
[Annotator "RC"]
[PlyCount "40"]
[EventDate "2019.04.29"]
[EventType "swiss"]
[EventCountry "TUR"]
[SourceTitle "playchess.com"]
[Source "ChessBase"]
[SourceQuality "1"]
[TimeControl "5400+30"]

1. d4 f5 2. g3 Nf6 3. Bg2 g6 4. c3 d6 5. Nd2 Bg7 6. e4 Nc6 7. exf5 gxf5 8. d5 Ne5 9. Ndf3 O-O 10. Ne2 c6 11. Nf4 Nxd5 12. Nxd5 cxd5 13. Qxd5+ e6 14. Qd1 Bd7 15. Qxd6 Bc6 16. Qxd8 Raxd8 17. Nxe5 Bxg2 18. Rg1 Bh3 19. f4 Rd5 20. Be3 Bxe5 1/2-1/2

[Event "5th Ordu Open 2019"]
[Site "Ordu"]
[Date "2019.05.02"]
[Round "6.9"]
[White "Maleki, Amirabbas"]
[Black "Atas, Yunus"]
[Result "1/2-1/2"]
[ECO "D04"]
[WhiteElo "1896"]
[BlackElo "1853"]
[Annotator "NA"]
[PlyCount "125"]
[EventDate "2019.04.29"]
[EventType "swiss"]
[EventCountry "TUR"]
[SourceTitle "playchess.com"]
[Source "ChessBase"]
[SourceQuality "1"]
[TimeControl "5400+30"]

1. d4 Nf6 2. Nf3 d5 3. e3 c5 4. b3 Nc6 5. Bb2 Bf5 6. a3 e6 7. Bd3 Bg4 8. Nbd2 cxd4 9. exd4 Bd6 10. c4 O-O 11. Qc2 dxc4 12. bxc4 Rc8 13. Ne5 Bh5 14. f4 Bb8 15. Nb3 a5 16. Nxc6 Rxc6 17. O-O Bg6 18. Bxg6 hxg6 19. Rad1 Qc7 20. c5 Nd5 21. Bc1 b6 22. a4 g5 23. g3 bxc5 24. dxc5 Ba7 25. Rxd5 exd5 26. Be3 Re8 27. Qd3 Rce6 28. Bd4 gxf4 29. Rxf4 Qd7 30. Qb5 Re1+ 31. Kg2 R1e2+ 32. Bf2 Qc7 33. Kg1 R2e6 34. Rf5 Rb8 35. Qd3 Rxb3 36. Qxb3 Bxc5 37. Qxd5 Bxf2+ 38. Rxf2 Re1+ 39. Kg2 Re8 40. Rd2 Qc3 41. Rf2 Qc7 42. Qb3 Qc6+ 43. Qf3 Qxf3+ 44. Kxf3 Rb8 45. Re2 Rb3+ 46. Re3 Rb2 47. h4 Ra2 48. Re4 f6 49. Rc4 Kf7 50. h5 Kg8 51. g4 Kh7 52. Kf4 Kh6 53. Rd4 Ra1 54. Rc4 Ra2 55. Rd4 Rf2+ 56. Kg3 Ra2 57. Kf4 Ra1 58. Rc4 Rf1+ 59. Kg3 Ra1 60. Kf4 Rb1 61. Rd4 Ra1 62. Rc4 g6 63. Ke4 1/2-1/2